 Dungeon Crawl Stone Soup version 0.30.0-19-g36f170ea60 (webtiles) character file.

Game seed: 17000357173978237594

68 Irreverend the Chiller (level 4, -4/24 HPs)
             Began as a Deep Elf Ice Elementalist on May 29, 2023.
             Slain by Sigmund
             ... wielding a +0 scythe of flaming
              (10 damage)
             ... on level 2 of the Dungeon.
             The game lasted 00:04:41 (2527 turns).

Irreverend the Chiller (Deep Elf Ice Elementalist)  Turns: 2527, Time: 00:04:42

Health: -4/24      AC:  2    Str:  5    XL:     4   Next: 1%
Magic:  8/11       EV: 13    Int: 22    God:
Gold:   123        SH:  0    Dex: 15    Spells: 3/10 levels left

rFire   . . .        (no weapon)
rCold   . . .        (no shield)
rNeg    . . .        a - +0 robe
rPois   .            (no helmet)
rElec   .            (no cloak)
rCorr   .            (no gloves)
SInv    .            (no boots)
Will    .....        (no amulet)
Stlth   ++           (no ring)
HPRegen 0.24/turn    (no ring)
MPRegen 0.12/turn

%: no passive effects
@: attractive
A: no striking features
a: no special abilities


You were on level 2 of the Dungeon.
You visited 1 branch of the dungeon, and saw 2 of its levels.

You collected 123 gold pieces.

Inventory:

Armour
 a - a +0 robe (worn)
Scrolls
 c - 5 scrolls of identify {unknown}
 f - a scroll of amnesia {unknown}
 g - a scroll of enchant weapon
 j - a scroll of blinking {unknown}
 m - a scroll of enchant armour {unknown}
Potions
 b - a potion of magic
 h - a potion of degeneration {unknown}
 i - a potion of brilliance {unknown}
 k - a potion of lignification {unknown}
 l - a potion of curing {unknown}


   Skills:
 + Level 3.3 Dodging
 - Level 2.4 Stealth
 + Level 3.9 Spellcasting
 * Level 5.3 Ice Magic


You had 3 spell levels left.
You knew the following spells:

 Your Spells              Type           Power      Damage    Failure   Level
a - Freeze                Ice            100%       1d10      1%          1
b - Frozen Ramparts       Ice            56%        1d9       3%          3
c - Ozocubu's Armour      Ice            28%        N/A       3%          3

Your spell library contained the following spells:

 Spells                   Type           Power      Damage    Failure   Level
 Cigotuvi's Dreadful Rot  Necr/Pois/Air  8%         N/A       17%         2
 Sublimation of Blood     Necr           4%         N/A       17%         2
 Wereblood                Tmut           4%         N/A       17%         2
 Summon Ice Beast         Ice/Summ       16%        N/A       36%         4
 Summon Hydra             Summ           2%         N/A       100%        7


Dungeon Overview and Level Annotations

Branches:
Dungeon (2/15)

Altars:

Annotations:
D:2 Sigmund


Message History

The wall freezes something.
Something hits you but does no damage.
The frozen ramparts melt away.
Something hits you. Something burns you.
* * * LOW HITPOINT WARNING * * *
The heat melts your icy armour.
Casting: Frozen Ramparts (quite dangerous; 3% risk of failure)
Confirm with . or Enter, or press ? or * to list all spells.
You can't see any susceptible monsters within range! (Use Z to cast anyway.)
As you read the scroll labelled QAUSSO TEREBI, it crumbles to dust.
It is a scroll of enchant weapon.
You aren't carrying any weapons that can be enchanted.
As you read the scroll labelled QINTYTS CUARGH, it crumbles to dust.
You assume a fearsome visage.
It was a scroll of fear.
Your icy armour cracks and falls away as you move.
You open the door.
There is an open door here.
It was a potion of attraction.
You feel attractive to monsters. Something is attracted toward you.
Something is attracted toward you.
You closely miss something.
You hear a shout!
You hear some strange, mumbled words.
A magic dart appears from out of thin air!
The magic dart hits you!
* * * LOW HITPOINT WARNING * * *
Casting: Frozen Ramparts (quite dangerous; 3% risk of failure)
Confirm with . or Enter, or press ? or * to list all spells.
You can't see any susceptible monsters within range! (Use Z to cast anyway.) Unknown command.
Casting: Frozen Ramparts (quite dangerous; 3% risk of failure)
Confirm with . or Enter, or press ? or * to list all spells.
You don't know that spell.
Casting: Frozen Ramparts (quite dangerous; 3% risk of failure)
Confirm with . or Enter, or press ? or * to list all spells.
You don't know that spell.
Casting: Frozen Ramparts (quite dangerous; 3% risk of failure)
Confirm with . or Enter, or press ? or * to list all spells.
Aiming: Freeze (safe; 1% risk of failure)
Press: ? - help, Shift-Dir - straight line You freeze something.
Something hits you!
You die...

..........#.##.#.#...........#
..........#..#.#.#...........#
..........#..#.#.#...........####
#....####.##.#.#.########........
#....+.......#.#.# #........
#....####.#..#.#.# #........
#)...# #.#..#.#.# #.[......
#....# #.#..#.#.# #........
###### #.#..# #@# ###........
#.#..# #{# #.'........ #.#### #.#
#.#........ #.. #§# #.##+######
### #.# #. #§# #. #.# #. #.# #.
..


There were no monsters in sight!

Vanquished Creatures
  Jessica (D:2)
  A worm (D:2)
  A dart slug (D:1)
  3 endoplasms (D:1)
  A giant cockroach (D:2)
  5 goblins
  2 hobgoblins (D:1)
  2 jackals (D:1)
  4 kobolds (D:1)
  A quokka (D:2)
  4 ball pythons
  5 bats
  A frilled lizard (D:1)
  5 rats
36 creatures vanquished.

Notes
Turn   | Place    | Note
-------+----------+-------------------------------------------
     0 | D:1      | Irreverend the Deep Elf Ice Elementalist began the quest
                  | for the Orb.
     0 | D:1      | Reached XP level 1. HP: 10/10 MP: 6/6
   274 | D:1      | Found a faded altar of an unknown god.
   291 | D:1      | Reached XP level 2. HP: 15/15 MP: 4/8
   746 | D:1      | Reached skill level 5 in Ice Magic
   950 | D:1      | Reached XP level 3. HP: 19/19 MP: 8/10
   954 | D:1      | Learned a level 3 spell: Frozen Ramparts
   958 | D:1      | Learned a level 3 spell: Ozocubu's Armour
  1245 | D:2      | Noticed Jessica
  1252 | D:2      | Killed Jessica
  1296 | D:2      | Got Jessica's Precepts of Ectoplasm
  2221 | D:2      | Reached XP level 4. HP: 24/24 MP: 6/11
  2486 | D:2      | Noticed Sigmund
  2527 | D:2      | Slain by Sigmund

Illustrated notes

Levels and vault maps discovered:
D:1:      minmay_arrival_up_and_down, layout_loops_ring,
          chequers_ecumenical_altar_simple_redux, minmay_tetromino_t2
D:2:      layout_basic, kennysheep_jessica_study, uniq_crazy_yiuf_cottage,
          uniq_sigmund

Skill      XL: |  1  2  3 |
---------------+----------+-----
Ice Magic      | 5 |  5.3
Dodging        | 3 |  3.3
Stealth        | |  2.4
Spellcasting   | |  3.9

Action                     |  1- 3 |  4- 6 || total
---------------------------+-------+-------++-------
  Melee: Unarmed           |     2 |     1 ||     3
   Cast: Freeze            |    48 |     1 ||    49
         Frozen Ramparts   |     6 |     1 ||     7
         Ozocubu's Armour  |     5 |     1 ||     6
    Use: Scroll            |       |     2 ||     2
         Potion            |       |     1 ||     1
 Armour: Robe              |     8 |     2 ||    10
  Dodge: Dodged            |    35 |       ||    35
